 Dungeon Crawl Stone Soup version 0.29.0-13-gc9e81de378 (webtiles) character file.

Game seed: 2666758704674385358

7 Iusername the Covered (level 2, -1/25 HPs)
             Began as a Barachi Fighter on Sept 7, 2022.
             Slain by a gnoll
             ... wielding a +0 club
              (4 damage)
             ... on level 1 of the Dungeon.
             The game lasted 00:00:10 (91 turns).

Iusername the Covered (Barachi Fighter)               Turns: 91, Time: 00:00:10

Health: -1/25      AC:  7    Str: 17    XL:     2   Next: 0%
Magic:  2/2        EV:  9    Int:  8    God:
Gold:   19         SH:  4    Dex: 11    Spells: 1/1 levels left

rFire   . . .      SeeInvis .   a - +0 long sword
rCold   . . .      Faith    .   c - +0 buckler
rNeg    . . .      Spirit   .   b - +0 scale mail
rPois   .          Reflect  .   (no helmet)
rElec   .          Harm     .   (no cloak)
rCorr   .          Rampage  .   (no gloves)
Will    .....                   (no boots)
Stlth   ..........              (no amulet)
HPRegen 0.08/turn               (no ring)
MPRegen 0.08/turn               (no ring)

@: slow
A: amphibious, slowness 1, strong legs 1, +LOS
a: Hop


You were on level 1 of the Dungeon.
You visited 1 branch of the dungeon, and saw 1 of its levels.

You collected 19 gold pieces.

Inventory:

Hand Weapons
 a - a +0 long sword (weapon)
Armour
 b - a +0 scale mail (worn)
 c - a +0 buckler (worn)
Scrolls
 e - a scroll of torment {unknown}
Potions
 d - a potion of might


   Skills:
 + Level 3.7 Fighting
 + Level 2.5 Long Blades
 + Level 3.8 Armour
 + Level 0.5 Dodging
 + Level 3.3 Shields


You had one spell level left.
You didn't know any spells.
Your spell library was empty.

Dungeon Overview and Level Annotations

Branches:
Dungeon (1/15)

Altars:


Innate Abilities, Weirdness & Mutations

You are amphibious.
You cover ground slowly.
You can hop short distances.
You have an extended range of vision and can be seen from far away.


Message History

There are monsters nearby!
You hit the kobold but do no damage. The kobold hits you but does no damage.
There are monsters nearby!
You closely miss the kobold. The kobold hits you but does no damage.
You block the kobold's attack.
There are monsters nearby!
You barely miss the kobold. The kobold closely misses you.
There are monsters nearby!
There are monsters nearby!
You barely miss the kobold. The kobold hits you but does no damage.
You hit the kobold.
You kill the kobold!
You have reached level 2!
You hit the gnoll.
The gnoll is lightly wounded.
The gnoll hits you with a +0 club. You block the gnoll's attack.
A gnoll is nearby!
You are too injured to fight recklessly!
Unknown command.
A gnoll is nearby!
You are too injured to fight recklessly!
Unknown command.
A gnoll is nearby!
You are too injured to fight recklessly!
Unknown command.
A gnoll is nearby!
Found a yellow potion.
The gnoll barely misses you.
You see here a bat corpse.
You hit the gnoll.
The gnoll is moderately wounded.
The gnoll hits you but does no damage.
You hit the gnoll but do no damage.
The gnoll is moderately wounded.
The gnoll hits you with a +0 club!
* * * LOW HITPOINT WARNING * * *
The gnoll closely misses you.
You closely miss the gnoll.
The gnoll is lightly wounded.
The gnoll hits you with a +0 club.
You die...

.....##......# #..
.....##......# #.#
.)...........# #.#
.....#.......# #.#
.....#.......# #.#
#....#.......###.#
#........##....#.# #####
#.##......#....#.##......
#..............#@g.......
####.#.......#.#.##.....!
###.#.#.#....$.)# ....
#.....#..##.....# ..
##.##########....#
.........#..#......
..........# #.......
.#.#.......##........K
.#.#.#......#..........


You could see a gnoll.

Vanquished Creatures
  2 bats (D:1)
  An endoplasm (D:1)
  A giant cockroach (D:1)
  A frilled lizard (D:1)
  2 kobolds (D:1)
7 creatures vanquished.

Notes
Turn   | Place    | Note
-------+----------+-------------------------------------------
     0 | D:1      | Iusername the Barachi Fighter began the quest for the Orb.
     0 | D:1      | Reached XP level 1. HP: 18/18 MP: 1/1
    87 | D:1      | Reached XP level 2. HP: 13/25 MP: 2/2
    91 | D:1      | Slain by a gnoll

Illustrated notes

Levels and vault maps discovered:
D:1:      matt_arrival_grand_opening, layout_rooms,
          ebering_ecumenical_altar_box, chequers_serial_rivers_room_b

Action                   || total
-------------------------++-------
Melee: Long sword        ||    34
Armor: Scale mail        ||    37
Dodge: Dodged            ||    41
Block: Buckler           ||    12
